 Dungeon Crawl Stone Soup version 0.25-a0-576-g50b708a4c4 (webtiles) character file.

Game seed: 850152224230514621, levelgen mode: deterministic

176 ReteAZ the Ducker (level 5, -1/41 HPs)
             Began as a Merfolk Gladiator on Mar 1, 2020.
             Succumbed to a water moccasin's poison
             ... on level 3 of the Dungeon.
             The game lasted 00:04:02 (2749 turns).

ReteAZ the Ducker (Merfolk Gladiator)               Turns: 2749, Time: 00:04:02

Health: -1/41      AC:  5    Str: 14    XL:     5   Next: 56%
Magic:  14/14      EV: 13    Int:  7    God:
Gold:   148        SH:  0    Dex: 17    Spells: 4/4 levels left

rFire    . . .     SeeInvis .   a - +0 long sword
rCold    . . .     Gourm    .   (no shield)
rNeg     . . .     Faith    .   b - +0 leather armour
rPois    .         Spirit   .   c - +0 helmet
rElec    .         Reflect  .   (no cloak)
rCorr    .         Harm     .   (no gloves)
MR       .....                  s - +0 pair of boots
Stlth    +.........             (no amulet)
HPRegen  0.13/turn              n - ring of magical power
MPRegen  0.14/turn              (no ring)

@: lethally poisoned (-1 -> -26), flying, heavily drained
A: change form in water, swift swim, stealthy swim
a: no special abilities


You were on level 3 of the Dungeon.
You were not hungry.

You visited 1 branch of the dungeon, and saw 3 of its levels.

You collected 148 gold pieces.

Inventory:

Hand Weapons
 a - a +0 long sword (weapon)
 B - a +0 falchion
Missiles
 d - 3 throwing nets (quivered)
 j - 31 poisoned darts
 q - 25 stones
 x - a boomerang
Armour
 b - a +0 leather armour (worn)
 c - a +0 helmet (worn)
 s - a +0 pair of boots (worn)
Jewellery
 n - a ring of magical power (left hand)
Wands
 y - a wand of iceblast (4)
Scrolls
 g - a scroll of enchant armour {unknown}
 h - a scroll of fear {unknown}
 k - 3 scrolls of fog {unknown}
 l - 4 scrolls of amnesia {unknown}
 m - 4 scrolls of identify {unknown}
 o - a scroll of magic mapping {unknown}
 p - 3 scrolls of remove curse {unknown}
 t - a scroll of enchant weapon {unknown}
Potions
 e - a potion of stabbing {unknown}
 i - a potion of flight
 r - 2 potions of invisibility {unknown}
 u - a potion of curing {unknown}
 z - 2 potions of heal wounds {unknown}
 A - 2 potions of might {unknown}
Comestibles
 f - 6 rations
 v - 4 chunks of flesh


   Skills:
 + Level 3.5(2.2) Fighting
 + Level 4.4(3.0) Long Blades
 + Level 3.2(1.9) Throwing
 + Level 5.2(3.7) Dodging


You had 4 spell levels left.
You didn't know any spells.
Your spell library was empty.

Dungeon Overview and Level Annotations

Branches:
Dungeon (3/15)

Altars:
Okawaru


Message History

You feel sick. The water moccasin bites you.
You miss the water moccasin.
The water moccasin is lightly wounded.
You feel sick. The water moccasin bites you!
* * * LOW HITPOINT WARNING * * *
The water moccasin closely misses you.
You barely miss the water moccasin.
The water moccasin is lightly wounded.
* * * LOW HITPOINT WARNING * * *
You feel sick. The water moccasin barely misses you.
You riposte.
You hit the water moccasin.
The water moccasin is lightly wounded.
The water moccasin bites you.
* * * LOW HITPOINT WARNING * * *
You are more poisoned.
The water moccasin poisons you!
It was a potion of flight.
You feel very buoyant.
You fly up into the air.
You die...

#.# #.. #####.# #.# ####.....#
#.# #........# ##.#
#.#.#.#..####..#### #
#.................##.####
#.#.#.#..###..>##.......[## #
..........((....@S...# #... .
..#.#.#...##...####### #..# ###
..........###.## #..# ..
.#........# #.# #..#######
...##.....# #.# #######.........
##.##.....# #.# #....###.####...
#.##########.####.##.###.####...
#รท#
#.............##............ #.#
#.######.###########........


You could see a water moccasin.

Vanquished Creatures
  An orc priest (D:3)
  5 adders
  3 worms
  2 dart slugs
  2 leopard geckos
  10 orcs (D:3)
  A ball python (D:1)
  2 giant cockroaches (D:2)
  10 goblins
  10 hobgoblins
  2 jackals (D:2)
  A quokka (D:3)
  10 bats
  5 frilled lizards
  4 kobolds
  10 rats
78 creatures vanquished.

Notes
Turn   | Place    | Note
-------+----------+-------------------------------------------
     0 | D:1      | ReteAZ the Merfolk Gladiator began the quest for the Orb.
     0 | D:1      | Reached XP level 1. HP: 16/16 MP: 1/1
   280 | D:1      | Reached XP level 2. HP: 23/23 MP: 2/2
   763 | D:1      | Reached XP level 3. HP: 28/28 MP: 3/3
  1452 | D:2      | Reached XP level 4. HP: 33/34 MP: 4/4
  2051 | D:3      | Reached skill level 5 in Dodging
  2051 | D:3      | Reached XP level 5. HP: 37/41 MP: 5/5
  2164 | D:3      | Found an iron altar of Okawaru.
  2738 | D:3      | Noticed a water moccasin
  2748 | D:3      | HP: 1/41 [water moccasin (5)]
  2749 | D:3      | Succumbed to a water moccasin's poison

Levels and vault maps discovered:
D:1:      ebering_trefoil_3fold, layout_loops_corners, minmay_heptomino_h4
D:2:      cheibrodos_helix_gallery, layout_loops_ring
D:3:      layout_loops_ring, first_ration, serial_glass, glass_columns_b,
          glass_columns_c, okawaru_ov_weapons_minmay

Skill      XL: |  1  2  3  4 |
---------------+-------------+-----
Fighting       | 3 |  3.5
Long Blades    | 4 |  4.4
Throwing       | 3 |  3.2
Dodging        | 5 |  5.2

Action                   |  1- 3 |  4- 6 || total
-------------------------+-------+-------++-------
Melee: Long sword        |   115 |   120 ||   235
  Use: Potion            |       |     1 ||     1
  Eat: Chunk             |     2 |     4 ||     6
Armor: Leather armour    |    41 |    30 ||    71
Dodge: Dodged            |   105 |    83 ||   188
       Rpst.: Long sword |    31 |    27 ||    58

Table legend:
 A = Non-vault XP
 B = Vault XP
 C = Vault XP percentage of total XP
 D = Non-vault monster count
 E = Vault monster count
 F = Vault count percentage of total count
                 A         B        C        D         E       F
            +---------+---------+-------+---------+---------+-------
      Total |     240 |      12 |   4.8 |      72 |       6 |   7.7
            +---------+---------+-------+---------+---------+-------
        D:1 |      30 |      10 |  25.0 |      21 |       4 |  16.0
        D:2 |      84 |       2 |   2.3 |      26 |       2 |   7.1
        D:3 |     126 |       0 |   0.0 |      25 |       0 |   0.0
            +---------+---------+-------+---------+---------+-------
